 Dungeon Crawl Stone Soup version 0.19.0-20-gbc5f0c6 (webtiles) character file.

104747 patrickswayze the Unseen (level 15, -2/95 HPs)
             Began as a Deep Elf Chaos Knight on Nov 17, 2016.
             Killed from afar by a nagaraja (10 damage)
             ... with a poison arrow
             ... on level 2 of the Snake Pit.
             The game lasted 02:27:09 (34858 turns).

patrickswayze the Unseen (Deep Elf Chaos Knight)   Turns: 34858, Time: 02:27:10

Health: -2/95      AC: 13    Str:  9      XL:     15   Next: 92%
Magic:  4/17       EV: 22    Int: 23      God:    Xom [.....*]
Gold:   3921       SH: 14    Dex: 23 (24) Spells: 4 memorised, 4 levels left

rFire  + + .     SeeInvis .     b - +7 short sword (drain)
rCold  + . .     Gourm    .     W - +2 animal skin {rC+}
rNeg   . . .     Faith    .     G - +3 buckler
rPois  +         Spirit   .     P - +2 helmet {Int+3}
rElec  .         Reflect  .     e - +2 cloak
rCorr  .         Harm     .     j - +2 pair of gloves {Dex+3}
MR     ++...                    S - +0 pair of boots of Dithmenos's Approval {rF+ MR+} (curse)
Stlth  ++++++++..               q - amulet of regeneration
                                m - +4 ring of slaying {mikee}
                                L - ring of Zabrej {*Contam rPois rF+ Dex+5}

@: lethally poisoned (-2 -> -3)
A: large bone plates 1, deformed body, deterioration 1, dopey 1, sense
surroundings 1, poison resistance
a: Renounce Religion


You were on level 2 of the Snake Pit.
You worshipped Xom.
You were Xom's teddy bear.
You were not hungry.

You visited 4 branches of the dungeon, and saw 25 of its levels.
You also visited: Labyrinth and Ice Cave.

You collected 6929 gold pieces.
You spent 3008 gold pieces at shops.


Innate Abilities, Weirdness & Mutations

You are partially covered in large bone plates. (SH +4)
Armour fits poorly on your strangely shaped body.
Your body sometimes deteriorates upon taking damage.
You are dopey. (Int -2)
You passively map a small area around you.
Your system is resistant to poisons. (rPois)


   Skills:
 - Level 11.3 Fighting
 - Level 10.0 Short Blades
 - Level 0.7 Armour
 - Level 10.7 Dodging
 + Level 20.6 Stealth
 - Level 6.0 Shields
 - Level 15.3 Hexes
 - Level 4.5 Charms


You had 4 spell levels left.
You knew the following spells:

 Your Spells              Type           Power        Failure   Level  Hunger
a - Confuse               Hex            ######..     1%          3    ####...
r - Repel Missiles        Chrm/Air       ##....       12%         2    ###....
s - Swiftness             Chrm/Air       ##......     12%         2    ###....
Z - Tukima's Dance        Hex            ######..     1%          3    ####...

Inventory:

Hand Weapons
 a - a +4 rapier of venom
 b - a +7 short sword of draining (weapon)
 s - a +4 quick blade of piercing
Missiles
 g - 3 throwing nets
 l - 665 stones (quivered)
 v - 50 poisoned needles
 Z - 11 curare-tipped needles
Armour
 e - a +2 cloak (worn)
 j - a +2 pair of gloves of dexterity (worn)
 G - a +3 buckler (worn)
 P - a +2 helmet of intelligence (worn)
 S - the cursed +0 pair of boots of Dithmenos's Approval (worn) {rF+ MR+}
   (You bought it in a shop on level 2 of the Orcish Mines)

   It protects you from fire.
   It affects your resistance to hostile enchantments.
   It has a curse placed upon it.
 W - a +2 animal skin of cold resistance (worn)
Jewellery
 m - a +4 ring of slaying (right hand) {mikee}
 n - the ring "Gesam" {MP+9 Int+5}
   (You took it off a centaur on level 15 of the Dungeon)

   [ring of intelligence]

   It affects your intelligence (+5).
   It affects your magic capacity (+9).
 q - an amulet of regeneration (around neck)
 y - a +3 ring of dexterity {unknown}
 L - the ring of Zabrej (left hand) {*Contam rPois rF+ Dex+5}
   (You found it in a labyrinth)

   [ring of dexterity]

   It affects your dexterity (+5).
   It protects you from fire.
   It protects you from poison.
   It causes magical contamination when unequipped.
Wands
 f - a wand of teleportation (4/9)
 A - a wand of iceblast (4/15)
 B - a wand of teleportation (3/9)
 H - a wand of disintegration (2/24)
 T - a wand of acid (6/15)
 U - a wand of hasting (1/9)
 Y - a wand of digging (7/24)
Scrolls
 d - a scroll of fear
 h - 18 scrolls of remove curse
 i - 2 scrolls of teleportation
 o - 4 scrolls of amnesia
 t - a scroll of blinking
 C - 4 scrolls of enchant armour
 D - 6 scrolls of magic mapping
 E - 2 scrolls of fog
 Q - 6 scrolls of recharging
Potions
 p - 8 potions of lignification {!q}
 r - 5 potions of curing
 u - a potion of invisibility {unknown}
 w - 3 potions of resistance
 x - 4 potions of degeneration {unknown}
 F - 4 potions of might
 I - a potion of berserk rage {unknown}
 J - a potion of ambrosia {unknown}
 O - 3 potions of brilliance
 R - 4 potions of agility
Books
 K - a book of Clouds

   Spells                             Type                      Level
   a - Mephitic Cloud                 Conjuration/Poison/Air       3
   b - Conjure Flame                  Conjuration/Fire             3
   c - Poisonous Cloud                Conjuration/Poison/Air       6
   d - Freezing Cloud                 Conjuration/Ice/Air          6
   e - Ring of Flames                 Charms/Fire                  7
 X - a book of Death

   Spells                             Type                      Level
   a - Corpse Rot                     Necromancy                   2
   b - Sublimation of Blood           Necromancy                   2
   c - Agony                          Necromancy                   5
   d - Dispel Undead                  Necromancy                   5
   e - Excruciating Wounds            Charms/Necromancy            5
   f - Bolt of Draining               Conjuration/Necromancy       5
Comestibles
 c - 21 bread rations
 k - 6 beef jerkies
 z - 13 meat rations
 M - 30 fruits


Message History

The nagaraja grabs your ice beast. The nagaraja constricts your ice beast.
Your ice beast dies!
The nagaraja spits poison at you. The splash of poison hits you! You resist.
The nagaraja points at you and mumbles some strange words.
The orb of energy hits you!
* * * LOW HITPOINT WARNING * * *
The nagaraja spits poison at you. The splash of poison hits you! You resist.
The nagaraja points at you and mumbles some strange words.
The poison arrow hits you!
You are poisoned.
You partially resist.
* * * LOW HITPOINT WARNING * * *
You feel better.
The nagaraja gestures at you while chanting.
The poison arrow hits you!
You are poisoned.
You partially resist.
You die...

. ..# *#....# ##..## * #....#####
.#...# #......... .#...#
#......... ##...# #.........
'....# #........# #....#### ####
#........#
#.......###..###########........#
#...........N...@...........###.#
#..............####....######.#.#
#.............## #....#.....##..
........._...## #....#.....##..
.............# #....#......#..
##...........# #....##...#.'..
#*#..........# ##....#......#..
..........# ###.....###.####.. #
#.........###.>.......###.....


You could see a nagaraja.

Vanquished Creatures
  An orc warlord (Orc:2)
  Aizul (Snake:1)
  A frost giant (IceCv)
  A stone giant (Orc:2)
  Nessos (D:13)
  An ettin (Orc:1)
  A fire dragon (D:15)
  A minotaur (Lab)
  Snorg (D:12)
  Harold (D:12)
  A vault guard (D:14)
  3 hydras
  A rakshasa (D:15)
  A catoblepas (Lair:4)
  8 centaur warriors
  An alligator (D:10)
  Erica (Orc:1)
  An anaconda (Snake:2)
  A tengu warrior (D:14)
  An ogre mage (D:15)
  A death yak (Lair:4)
  A shock serpent (Snake:1)
  A deep elf knight (D:13)
  Sonja (D:13)
  A skeletal warrior (D:15)
  3 unseen horrors
  A glowing orange brain (D:15)
  A wizard (D:14)
  9 hill giants
  A necromancer (Lair:5)
  A lindwurm (Lair:4)
  3 deep elf magi
  2 mana vipers
  3 orc knights
  6 ugly things
  3 orc sorcerers
  5 cyclopes
  A salamander (Snake:1)
  2 manticores
  A centaur zombie (D:15)
  Maurice (Orc:1)
  A guardian serpent (Lair:4)
  11 black mambas
  2 naga magi
  A spiny frog (shapeshifter) (D:15)
  4 gargoyles
  11 spiny frogs
  An eye of devastation (shapeshifter) (D:15)
  8 komodo dragons
  A kobold demonologist (D:11)
  3 freezing wraiths
  A yaktaur (D:10)
  15 polar bears
  4 two-headed ogres
  3 meliai (D:13)
  A polar bear (shapeshifter) (D:15)
  7 trolls
  A hornet (D:8)
  A hippogriff (shapeshifter) (D:15)
  A raiju (shapeshifter) (D:15)
  22 blink frogs
  10 slime creatures
  A meliai zombie (D:15)
  7 hippogriffs
  3 shadows
  The ghost of feelmyfire the Magician, an amateur DECj of Vehumet (D:5)
  2 wraiths (D:15)
  6 humans
  5 wyverns
  38 yaks
  7 basilisks
  11 vampire mosquitoes
  3 wargs (Orc:2)
  2 hungry ghosts
  3 mottled dragons
  11 nagas
  A soldier ant (D:13)
  10 water moccasins
  12 porcupines
  The ghost of MirrMurr the Sneak, an amateur SpEn (D:4)
  6 sky beasts
  37 orc warriors
  5 ice beasts
  2 black bears
  An ogre (shapeshifter) (D:14)
  6 necrophages
  18 ogres
  6 phantoms
  An elephant zombie (Lair:5)
  2 eyes of draining (D:15)
  32 centaurs
  21 wolves
  13 crocodiles
  5 big kobolds
  The ghost of Galewind the Conjurer, an amateur DECj (D:3)
  20 bullfrogs
  2 wyvern zombies
  4 scorpions
  A wyvern skeleton (D:14)
  14 killer bees
  9 electric eels
  2 spriggan skeletons (D:12)
  7 wights
  4 howler monkeys
  9 crimson imps
  A bullfrog zombie (D:12)
  8 hounds
  A hound (shapeshifter) (Lair:1)
  A water moccasin simulacrum (D:9)
  3 jellies
  15 orc priests
  4 centaur skeletons
  21 orc wizards
  2 bullfrog skeletons
  21 iguanas
  8 worker ants
  3 bullfrog simulacra (D:9)
  A crocodile zombie (Lair:5)
  A killer bee simulacrum (D:9)
  A howler monkey zombie (D:6)
  2 worker ant zombies
  3 gnolls
  A howler monkey skeleton (D:4)
  9 adders
  5 river rats (D:10)
  5 shadow imps
  A worker ant simulacrum (D:9)
  4 ufetubi (D:9)
  2 oozes
  An adder skeleton (D:7)
  6 worms
  2 dart slugs
  6 leopard geckos
  75 orcs
  7 bats
  5 giant cockroaches
  5 goblins (D:1)
  8 hobgoblins
  9 jackals
  28 kobolds
  5 quokkas
  A ball python (D:3)
  4 frilled lizards
  A jackal skeleton (D:7)
  A jackal zombie (D:6)
  A leopard gecko zombie (D:5)
  2 rats
  A fungus (Lair:4)
829 creatures vanquished.

Vanquished Creatures (collateral kills)
  Frances (Snake:1)
  A rakshasa (D:15)
  A death knight (D:14)
  A cyclops (D:10)
  A gargoyle (D:7)
  A centaur skeleton (D:11)
  3 yaks (Lair:1)
  A human (D:6)
  2 orc warriors
  2 ice beasts
  A centaur (Orc:2)
  A wolf (IceCv)
  An ogre (D:4)
  A crocodile (D:10)
  2 wights (D:7)
  An electric eel (D:9)
  A crimson imp (D:10)
  An orc priest (D:7)
  2 orc wizards
  An adder (D:6)
  2 orcs
28 creatures vanquished.

Vanquished Creatures (others)
  A manticore (D:14)
  2 polar bears (IceCv)
  2 centaurs (Orc:2)
  An orc wizard (D:9)
  A worker ant (D:15)
  A worker ant zombie (D:5)
  A bush (Lair:4)
  5 fungi
  5 plants
19 creatures vanquished.

Grand Total: 876 creatures vanquished

Notes
Turn   | Place    | Note
-------+----------+-------------------------------------------
     0 | D:1      | patrickswayze the Deep Elf Chaos Knight began the quest for the Orb.
     0 | D:1      | Reached XP level 1. HP: 13/13 MP: 3/3
    70 | D:1      | Reached skill level 1 in Stealth
    91 | D:1      | Reached skill level 2 in Stealth
    97 | D:1      | Reached XP level 2. HP: 16/18 MP: 4/4
   103 | D:1      | XOM: potion effect (might)
   244 | D:1      | XOM: divination: detect items
   260 | D:1      | Reached skill level 3 in Stealth
   323 | D:1      | XOM: silly message
   753 | D:1      | Reached XP level 3. HP: 22/22 MP: 5/5
   829 | D:1      | XOM: scenery: create altars
  1001 | D:2      | Found a stormy altar of Qazlal.
  1007 | D:2      | XOM: god gift: 3140 gold pieces
  1022 | D:2      | XOM is BORED!
  1307 | D:2      | Reached skill level 4 in Stealth
  1664 | D:3      | HP: 1/22 [orc/hand axe (7)]
  1840 | D:3      | Found an ancient bone altar of Kikubaaqudgha.
  1887 | D:3      | XOM: swap monsters
  1973 | D:3      | Noticed Galewind's ghost (amateur DECj)
  2022 | D:3      | XOM: harmless Ice miscast
  2029 | D:3      | XOM: 8-stop teleportation journey
  2030 | D:3      | HP: 4/22 [orc priest/divine providence (11)]
  2033 | D:3      | XOM: mild Erth miscast
  2034 | D:3      | XOM: 2-stop teleportation journey
  2125 | D:3      | Reached skill level 5 in Stealth
  2125 | D:3      | Reached XP level 4. HP: 17/27 MP: 6/6
  2126 | D:3      | XOM: 1-stop teleportation journey
  2144 | D:3      | XOM: medium Hex miscast
  2156 | D:2      | Found a radiant altar of Vehumet.
  2156 | D:2      | Found a deep blue altar of Sif Muna.
  2171 | D:2      | XOM: cloud trail
  2288 | D:3      | Reached skill level 6 in Stealth
  2363 | D:3      | Reached XP level 5. HP: 31/31 MP: 7/7
  2443 | D:3      | XOM: noise
  2547 | D:3      | XOM: smoke on damage
  2555 | D:3      | XOM: draining
  2671 | D:4      | XOM: 2-stop teleportation journey
  2675 | D:4      | XOM: butterfly on damage
  2682 | D:4      | Reached skill level 7 in Stealth
  2686 | D:4      | Noticed MirrMurr's ghost (amateur SpEn)
  2769 | D:3      | XOM: butterfly on damage
  2896 | D:3      | XOM: mild Conj miscast
  2945 | D:3      | XOM: fog
  2956 | D:3      | Killed Galewind's ghost
  2956 | D:3      | Reached skill level 8 in Stealth
  2956 | D:3      | Reached XP level 6. HP: 26/36 MP: 8/8
  3027 | D:3      | XOM: scenery: create altars
  3235 | D:4      | Noticed a hippogriff
  3329 | D:4      | Found a shadowy altar of Dithmenos.
  3374 | D:4      | XOM: cleaving
  3394 | D:4      | XOM: butterfly on damage
  3407 | D:4      | XOM: fog
  3408 | D:4      | HP: 4/36 [hippogriff (5)]
  3424 | D:4      | HP: 4/36 [Xom's lightning strike (8)]
  3424 | D:4      | XOM: divine lightning (protected)
  3429 | D:4      | XOM: divination: magic mapping
  3490 | D:4      | Killed a hippogriff
  3490 | D:4      | Reached XP level 7. HP: 28/40 MP: 9/9
  3533 | D:4      | XOM: polymorph centaur -> porcupine
  3539 | D:4      | HP: 7/40 [porcupine (3)]
  3558 | D:4      | HP: 4/40 [porcupine (9)]
  3560 | D:4      | XOM: 5-stop teleportation journey
  3744 | D:4      | XOM: noise
  3766 | D:4      | HP: 5/40 [porcupine (12)]
  3770 | D:4      | XOM: 1-stop teleportation journey
  3798 | D:4      | XOM: 1-stop teleportation journey
  3894 | D:4      | Found a shimmering altar of Xom.
  3922 | D:4      | XOM: butterfly on damage
  3928 | D:4      | XOM: butterfly on damage
  3989 | D:4      | XOM: smoke on damage
  3999 | D:4      | XOM: give mutations
  3999 | D:4      | Gained mutation: You evolve. [Xom's grace]
  3999 | D:4      | Gained mutation: You passively map a small area around you. [Xom's grace]
  4060 | D:4      | Reached skill level 6 in Short Blades
  4132 | D:4      | XOM: god gift: 21 stones
  4168 | D:3      | XOM: noise
  4312 | D:4      | Killed MirrMurr's ghost
  4586 | D:5      | Entered Level 5 of the Dungeon
  4586 | D:5      | Found Narhouq's Gadget Shop.
  4735 | D:5      | Reached XP level 8. HP: 24/45 MP: 10/10
  4784 | D:5      | Found Qelor's Magic Scroll Boutique.
  4785 | D:5      | Noticed feelmyfire's ghost (amateur DECj)
  4822 | D:5      | XOM: harmless Chrm miscast
  4832 | D:5      | XOM: confuse monster(s)
  4844 | D:5      | Found Urumuiw's Antique Weapon Shoppe.
  4873 | D:5      | Bought a glowing short sword for 180 gold pieces
  4889 | D:5      | Bought a scroll of identify for 22 gold pieces
  4889 | D:5      | Bought a scroll of identify for 22 gold pieces
  4889 | D:5      | Bought a scroll of magic mapping for 38 gold pieces
  4889 | D:5      | Bought a scroll of enchant weapon for 82 gold pieces
  4889 | D:5      | Bought a scroll of remove curse for 33 gold pieces
  4889 | D:5      | Bought a scroll of remove curse for 33 gold pieces
  4898 | D:5      | XOM: cloud trail
  4972 | D:5      | XOM: scenery: create altars
  5004 | D:5      | Killed feelmyfire's ghost
  5101 | D:5      | Found a glowing golden altar of the Shining One.
  5132 | D:5      | XOM: god gift: 33 gold pieces
  5183 | D:5      | Found Zucveh's Weapon Boutique.
  5312 | D:5      | Bought a +0 quick blade for 210 gold pieces
  5312 | D:5      | Bought a +4 rapier of venom for 375 gold pieces
  5432 | D:6      | Found a sacrificial altar of Ru.
  5462 | D:6      | Reached skill level 9 in Short Blades
  5634 | D:6      | XOM: noise
  5637 | D:6      | Noticed a moth of wrath
  5698 | D:6      | Found a white marble altar of Elyvilon.
  5746 | D:6      | XOM: potion effect (invisibility)
  5974 | D:6      | Reached skill level 9 in Stealth
  5974 | D:6      | Reached XP level 9. HP: 49/49 MP: 11/11
  5996 | D:6      | XOM: harmless Divn miscast
  6024 | D:6      | XOM: enchant monster (bad)
  6036 | D:6      | XOM: 2-stop teleportation journey
  6096 | D:6      | XOM: swap monsters
  6105 | D:6      | XOM: summons 4 hostile demons
  6207 | D:6      | Reached skill level 10 in Stealth
  6207 | D:6      | XOM: give mutations
  6207 | D:6      | Gained mutation: You have a pair of small horns on your head. [Xom's grace]
  6207 | D:6      | Gained mutation: You rapidly evolve. [Xom's grace]
  6207 | D:6      | Gained mutation: You are robust. (+10% HP) [Xom's grace]
  6278 | D:6      | Found a staircase to the Ecumenical Temple.
  6400 | D:6      | XOM: summons 4 friendly demons
  6407 | D:6      | XOM: scenery: 1 doors open
  6416 | D:6      | Reached skill level 11 in Stealth
  6526 | D:6      | Found a burning altar of Makhleb.
  6528 | D:6      | Found a glowing silver altar of Zin.
  6528 | D:6      | Noticed an Executioner
  6528 | D:6      | Noticed an angel
  6648 | D:6      | Found a bloodstained altar of Trog.
  6968 | D:7      | Noticed a gargoyle
  7013 | D:7      | Reached skill level 12 in Stealth
  7140 | D:7      | Gained mutation: You have large cloven feet. [evolution]
  7164 | D:7      | XOM: god gift: 3 stones
  7381 | D:7      | XOM: enchant monster (bad)
  7550 | D:7      | XOM: mild Hex miscast
  7555 | D:7      | Killed a gargoyle
  7555 | D:7      | Reached skill level 13 in Stealth
  7664 | D:7      | XOM: medium Air miscast
  7852 | D:8      | Reached XP level 10. HP: 59/59 MP: 12/12
  8020 | D:8      | XOM: smoke on damage
  8062 | D:8      | Reached skill level 14 in Stealth
  8085 | D:8      | XOM: give mutations
  8085 | D:8      | Gained mutation: You are weak. (Str -2) [Xom's mischief]
  8085 | D:8      | Gained mutation: You are agile. (Dex +2) [Xom's mischief]
  8129 | D:8      | XOM: smoke on damage
  8404 | D:8      | XOM: harmless Fire miscast
  8499 | D:8      | XOM: noise
  8885 | D:9      | Found a sacrificial altar of Ru.
  8924 | D:9      | Reached skill level 15 in Stealth
  8946 | D:9      | XOM is BORED!
  8946 | D:9      | XOM: noise
  8951 | D:9      | XOM: summons friendly shadow imp
  8955 | D:9      | XOM: enchant monster (good)
  8978 | D:9      | Reached skill level 3 in Dodging
  8981 | D:9      | XOM: summons friendly white imp
  9042 | D:9      | XOM: smoke on damage
  9066 | D:9      | XOM: god gift: 1540 gold pieces
  9102 | D:9      | Gained mutation: Your flesh is cold resistant. (rC+) [evolution]
  9249 | D:9      | XOM: enchant monster (bad)
  9443 | D:9      | Found Paestridd's Weapon Shoppe.
  9470 | D:9      | Reached skill level 6 in Dodging
  9580 | D:9      | XOM: cleaving
  9593 | D:9      | XOM: destruction
  9601 | D:9      | XOM: cast spell 'Ice Form'
  9643 | D:9      | XOM: divination: detect creatures
  9692 | D:9      | XOM: noise
  9815 | D:9      | XOM: harmless Air miscast
  9885 | D:10     | Entered Level 10 of the Dungeon
 10019 | D:10     | XOM: divination: magic mapping
 10039 | D:10     | XOM: medium Tloc miscast
 10047 | D:10     | Noticed a cyclops
 10057 | D:10     | XOM: cast spell 'Spider Form'
 10351 | D:10     | XOM: harmless Hex miscast
 10377 | D:10     | XOM: smoke on damage
 10426 | D:10     | Noticed a hill giant
 10426 | D:10     | XOM: divination: magic mapping
 10450 | D:10     | XOM: potion effect (brilliance)
 10465 | D:10     | Killed a hill giant
 10465 | D:10     | Reached XP level 11. HP: 63/63 MP: 13/13
 10533 | D:10     | XOM: divination: detect creatures
 10570 | D:10     | XOM: silly message
 10572 | D:10     | XOM: harmless Ice miscast
 10616 | D:10     | XOM: harmless Tloc miscast
 10623 | D:10     | XOM: cleaving
 10624 | D:10     | XOM: enchant monster (good)
 10696 | D:10     | XOM: butterfly on damage
 10818 | D:10     | Noticed a four-headed hydra
 10825 | D:10     | Found a staircase to the Lair.
 10832 | D:10     | Noticed a centaur warrior
 10857 | D:10     | XOM: mild Erth miscast
 10867 | D:10     | Reached skill level 16 in Stealth
 10900 | D:10     | Learned a level 3 spell: Confuse
 11041 | D:10     | XOM: harmless Conj miscast
 11043 | D:10     | XOM: cast spell 'Spider Form'
 11046 | D:10     | XOM: potion effect (might)
 11057 | D:10     | Reached skill level 1 in Hexes
 11057 | D:10     | XOM: cast spell 'Summon Butterflies'
 11128 | D:10     | Reached skill level 3 in Hexes
 11168 | D:10     | Noticed a hill giant
 11208 | D:10     | Learned a level 3 spell: Tukima's Dance
 11231 | D:10     | Killed a hill giant
 11419 | D:10     | Found Wailout's Antique Weapon Emporium.
 11424 | D:10     | Reached skill level 6 in Hexes
 11553 | D:10     | XOM: cast spell 'Shadow Creatures'
 11570 | D:10     | XOM: fog
 11575 | D:10     | Noticed an alligator
 11575 | D:10     | a four-headed hydra changed into an alligator
 11575 | D:10     | XOM: polymorph four-headed hydra -> alligator
 11586 | D:10     | XOM: summons 2 friendly demons
 11593 | D:10     | HP: 2/63 [alligator (22)]
 11601 | D:10     | HP: 5/63 [porcupine (2)]
 11611 | D:10     | XOM: divination: magic mapping
 11611 | D:10     | HP: 8/63 [porcupine (10)]
 12232 | D:10     | XOM: polymorph eye of draining -> yaktaur
 12293 | D:10     | XOM: noise
 12367 | D:10     | XOM: medium Fire miscast
 12368 | D:10     | Killed an alligator
 12545 | D:11     | XOM: harmless Tloc miscast
 12549 | D:11     | Noticed a hill giant
 12558 | D:11     | Killed a hill giant
 12558 | D:11     | Reached skill level 9 in Hexes
 12566 | D:11     | Found a deep blue altar of Sif Muna.
 12568 | D:11     | XOM: harmless Pois miscast
 12623 | D:10     | Lost mutation: You rapidly evolve. [end of evolution]
 12748 | D:11     | XOM: god gift: fluorescent wand {god gift}
 12784 | D:11     | XOM: butterfly on damage
 12909 | D:11     | XOM: enchant monster (good)
 12940 | D:11     | XOM: harmless Pois miscast
 12953 | D:11     | Noticed a deep elf mage
 13069 | D:11     | XOM: polymorph orange demon -> rust devil
 13099 | D:11     | XOM: summons 5 friendly demons
 13114 | D:11     | XOM: god gift: 3 poisoned javelins
 13396 | D:11     | Killed a deep elf mage
 13402 | D:11     | XOM: cast spell 'Ring of Flames'
 13404 | D:11     | Reached XP level 12. HP: 41/70 MP: 14/14
 13427 | D:11     | Reached skill level 12 in Hexes
 13704 | D:11     | XOM: god gift: plate armour {god gift}
 13720 | Lair:1   | Entered Level 1 of the Lair of Beasts
 13814 | Lair:1   | XOM: 2-stop teleportation journey
 13860 | Lair:1   | XOM: cast spell 'Summon Ice Beast'
 13862 | Lair:1   | XOM: polymorph yak -> golden eye
 14127 | Lair:1   | Reached skill level 17 in Stealth
 14405 | Lair:1   | XOM: summons 6 hostile demons
 14734 | Lair:2   | Found a frozen archway.
 14738 | Lair:2   | XOM: god gift: 50 gold pieces
 14742 | IceCv    | Entered an ice cave
 14756 | IceCv    | XOM: summons friendly iron imp
 14761 | IceCv    | XOM: summons friendly shadow imp
 14766 | IceCv    | XOM: mild Ice miscast
 14779 | IceCv    | XOM: 1-stop teleportation journey
 14789 | IceCv    | XOM: divination: magic mapping
 14814 | IceCv    | XOM: potion effect (haste)
 14955 | IceCv    | XOM: divination: detect items
 14999 | IceCv    | Reached skill level 18 in Stealth
 15001 | IceCv    | XOM: potion effect (berserk rage)
 15169 | IceCv    | XOM: potion effect (invisibility)
 15256 | IceCv    | XOM: potion effect (might)
 15325 | IceCv    | Noticed a death yak
 15325 | IceCv    | Noticed a frost giant
 15350 | IceCv    | XOM: harmless Conj miscast
 15352 | IceCv    | HP: 10/70 [death yak (13)]
 15371 | IceCv    | XOM: cast spell 'Confusing Touch'
 15403 | IceCv    | XOM: divination: detect creatures
 15412 | IceCv    | XOM: potion effect (haste)
 15433 | IceCv    | XOM: silly message
 15490 | IceCv    | XOM: potion effect (curing)
 15493 | IceCv    | XOM: 1-stop teleportation journey
 15598 | IceCv    | Reached skill level 19 in Stealth
 15641 | IceCv    | XOM: scenery: create altars
 15656 | IceCv    | XOM: summons 3 friendly demons
 15660 | IceCv    | Killed a frost giant
 15927 | Lair:2   | Found a staircase to the Shoals.
 15936 | Lair:2   | XOM: enchant monster (bad)
 16025 | Lair:2   | Reached XP level 13. HP: 74/74 MP: 15/15
 16062 | Lair:2   | XOM: harmless Divn miscast
 16080 | Lair:2   | XOM: confuse monster(s)
 16176 | Lair:2   | XOM: divination: detect items
 16197 | Lair:2   | XOM: potion effect (berserk rage)
 16426 | Lair:2   | XOM: butterfly on damage
 16437 | Lair:2   | Reached skill level 20 in Stealth
 16486 | Lair:2   | Reached skill level 3 in Fighting
 16679 | Lair:2   | XOM: divination: detect creatures
 16932 | Lair:3   | XOM: divination: detect items
 16992 | Lair:3   | Reached skill level 1 in Shields
 17163 | Lair:3   | XOM: harmless Ice miscast
 17468 | Lair:3   | XOM: harmless Chrm miscast
 17478 | Lair:3   | Learned a level 2 spell: Repel Missiles
 17481 | Lair:3   | Learned a level 2 spell: Swiftness
 17727 | Lair:3   | Reached skill level 3 in Shields
 17794 | Lair:3   | XOM: cast spell 'Call Canine Familiar'
 18100 | Lair:3   | XOM: harmless Air miscast
 18152 | Lair:3   | XOM: divination: magic mapping
 18363 | Lair:3   | XOM: god gift: 28 gold pieces
 18482 | Lair:3   | XOM: give mutations
 18482 | Lair:3   | Gained mutation: Your body sometimes deteriorates upon taking damage. [Xom's mischief]
 18482 | Lair:3   | Gained mutation: You are dopey. (Int -2) [Xom's mischief]
 18796 | Lair:4   | XOM: give mutation
 18796 | Lair:4   | Gained mutation: You are resistant to hostile enchantments. (MR+) [Xom's grace]
 18948 | Lair:4   | XOM: cast spell 'Summon Hydra'
 18962 | Lair:4   | XOM: enchant monster (bad)
 18964 | Lair:4   | XOM: summons 4 friendly demons
 18974 | Lair:4   | XOM: enchant monster (good)
 18995 | Lair:4   | XOM: summons 2 friendly demons
 19012 | Lair:4   | XOM: confuse monster(s)
 19016 | Lair:4   | XOM: confuse monster(s)
 19087 | Lair:4   | XOM: harmless Necr miscast
 19092 | Lair:4   | XOM: confusion (+ monsters)
 19096 | Lair:4   | XOM: potion effect (curing)
 19315 | Lair:4   | Found a staircase to the Snake Pit.
 19370 | Lair:4   | Reached skill level 6 in Shields
 19411 | Lair:4   | XOM: confusion (+ monsters)
 19477 | Lair:4   | XOM: cleaving
 19500 | Lair:4   | XOM: cast spell 'Summon Small Mammal'
 19503 | Lair:4   | XOM: potion effect (brilliance)
 19526 | Lair:4   | XOM: divination: magic mapping
 19880 | Lair:5   | XOM: harmless Pois miscast
 20002 | Lair:5   | XOM: cast spell 'Summon Butterflies'
 20070 | Lair:5   | XOM: harmless Erth miscast
 20094 | Lair:5   | XOM: potion effect (might)
 20228 | Lair:5   | XOM: silly message
 20433 | Lair:5   | XOM: enchant monster (good)
 20546 | Lair:5   | XOM: mild Pois miscast
 20663 | Lair:5   | XOM: harmless Summ miscast
 20676 | Lair:5   | XOM: mild Divn miscast
 20699 | Lair:6   | Entered Level 6 of the Lair of Beasts
 20738 | Lair:6   | XOM: summons 4 hostile shadow creatures
 20768 | Lair:6   | XOM: confuse monster(s)
 20885 | Lair:6   | Lost mutation: You have a pair of small horns on your head. [evolution]
 20912 | Lair:6   | XOM: scenery: create altars
 20917 | Lair:6   | XOM: god gift: arbalest {god gift}
 20930 | Lair:6   | Found a staircase to the Slime Pits.
 20944 | Lair:6   | Reached skill level 1 in Charms
 20962 | Lair:6   | XOM: polymorph eight-headed hydra -> something unseen
 20975 | Lair:6   | XOM: cleaving
 20978 | Lair:6   | XOM: scenery: create altars
 20987 | Lair:6   | XOM: scenery: 1 doors open
 20995 | Lair:6   | HP: 14/79 [poisoned by a ghost moth]
 21271 | Lair:1   | XOM: cast spell 'Statue Form'
 21288 | Lair:1   | XOM: confuse monster(s)
 21299 | Lair:1   | Reached skill level 3 in Charms
 21342 | D:10     | XOM: god gift: silvery potion {god gift}
 21363 | D:11     | XOM: god gift: short sword {god gift}
 21390 | D:12     | XOM: summons 6 hostile demons
 21504 | D:12     | XOM: blink monster(s)
 21568 | D:12     | Noticed Harold
 21571 | D:12     | Killed Harold
 21690 | D:12     | XOM: medium Conj miscast
 21718 | D:12     | XOM: confuse monster(s)
 21830 | D:12     | XOM: fog
 21835 | D:12     | Noticed Snorg
 21842 | D:12     | Killed Snorg
 21842 | D:12     | Reached XP level 14. HP: 86/86 MP: 16/16
 21872 | D:12     | Found a staircase to the Orcish Mines.
 21883 | D:12     | XOM: cleaving
 21887 | D:12     | Reached skill level 6 in Fighting
 21891 | D:12     | XOM: scenery: 1 doors open
 21910 | D:12     | XOM: 7-stop teleportation journey
 21967 | D:12     | XOM: cloud trail
 21980 | Orc:1    | Entered Level 1 of the Orcish Mines
 21982 | Orc:1    | Noticed Erica
 21987 | Orc:1    | Found Juelasi's Distillery.
 21989 | Orc:1    | Killed Erica
 22011 | Orc:1    | Bought a potion of curing for 30 gold pieces
 22011 | Orc:1    | Bought a potion of curing for 30 gold pieces
 22011 | Orc:1    | Bought a potion of heal wounds for 50 gold pieces
 22011 | Orc:1    | Bought a potion of curing for 30 gold pieces
 22011 | Orc:1    | Bought a potion of heal wounds for 50 gold pieces
 22011 | Orc:1    | Bought a potion of might for 40 gold pieces
 22028 | Orc:1    | Found Dipust's General Store.
 22065 | Orc:1    | Bought a scroll of remove curse for 45 gold pieces
 22065 | Orc:1    | Bought a scroll of recharging for 142 gold pieces
 22131 | Orc:1    | Found a roughly hewn altar of Beogh.
 22138 | Orc:1    | Noticed Maurice
 22152 | Orc:1    | Killed Maurice
 22179 | Orc:1    | XOM: god gift: glaive {god gift}
 22292 | Orc:1    | Found Gume's Weapon Emporium.
 22488 | Orc:1    | Found Vaeck's Distillery.
 22510 | Orc:1    | Bought a potion of curing for 48 gold pieces
 22510 | Orc:1    | Bought a potion of heal wounds for 80 gold pieces
 22510 | Orc:1    | Bought a potion of heal wounds for 80 gold pieces
 22510 | Orc:1    | Bought a potion of curing for 48 gold pieces
 22510 | Orc:1    | Bought a potion of agility for 64 gold pieces
 22510 | Orc:1    | Bought a potion of brilliance for 64 gold pieces
 22510 | Orc:1    | Bought a potion of brilliance for 64 gold pieces
 22577 | Orc:1    | XOM: 3-stop teleportation journey
 22619 | Orc:2    | Entered Level 2 of the Orcish Mines
 22619 | Orc:2    | Noticed an orc warlord
 22628 | Orc:1    | XOM: god gift: phantom mirror
 22655 | Orc:1    | XOM: summons 7 hostile demons
 23102 | Orc:1    | XOM: medium Pois miscast
 23653 | Orc:2    | XOM: mild Summ miscast
 23817 | Orc:2    | XOM: cleaving
 23987 | Orc:2    | XOM: stat loss: -1 Str (6/7)
 24012 | Orc:2    | XOM: mild Tmut miscast
 24046 | Orc:2    | XOM: 1-stop teleportation journey
 24106 | Orc:2    | XOM: give mutations
 24106 | Orc:2    | Lost mutation: Your flesh is cold resistant. (rC+) [Xom's mischief]
 24106 | Orc:2    | Lost mutation: You are robust. (+10% HP) [Xom's mischief]
 24106 | Orc:2    | Lost mutation: You are weak. (Str -2) [Xom's mischief]
 24106 | Orc:2    | Lost mutation: Your body sometimes deteriorates upon taking damage. [Xom's mischief]
 24107 | Orc:2    | XOM: 1-stop teleportation journey
 24114 | Orc:2    | XOM: summons 7 hostile demons
 24179 | Orc:1    | XOM: torment (42/82 hp)
 24360 | Orc:2    | XOM: confusion
 24363 | Orc:2    | XOM: stat loss: -1 Int (16/19)
 24721 | Orc:2    | XOM: severe Fire miscast
 24840 | Orc:2    | XOM: summons friendly quasit
 24842 | Orc:2    | XOM: enchant monster (good)
 24857 | Orc:1    | XOM: god gift: scroll of fog
 24904 | Orc:2    | Noticed Saint Roka
 24919 | Orc:2    | XOM: polymorph orc warrior -> water moccasin
 24965 | Orc:2    | XOM: scenery: create altars
 24967 | Orc:2    | XOM: noise
 25013 | Orc:2    | Killed an orc warlord
 25122 | Orc:1    | XOM: severe Tmut miscast
 25301 | Orc:2    | Noticed a stone giant
 25369 | Orc:1    | XOM: noise
 25451 | Orc:2    | XOM: harmless Pois miscast
 25557 | Orc:1    | XOM: blink monster(s)
 25689 | Orc:2    | XOM: enchant monster (good)
 26280 | Orc:2    | Found a staircase to the Elven Halls.
 26316 | Orc:2    | XOM: silly message
 26325 | Orc:2    | XOM: divination: detect items
 26404 | Orc:2    | XOM: confuse monster(s)
 26467 | Orc:2    | XOM: 3-stop teleportation journey
 26471 | Orc:2    | XOM: summons 2 friendly demons
 26486 | Orc:2    | XOM: polymorph sun demon -> soul eater
 26493 | Orc:2    | XOM: polymorph orc warrior -> ooze
 26509 | Orc:1    | XOM: scenery: create altars
 26561 | Orc:2    | XOM: confuse monster(s)
 26567 | Orc:2    | Killed a stone giant
 26591 | Orc:2    | XOM: harmless Pois miscast
 26685 | Orc:2    | Found Yngey's Armour Shop.
 26685 | Orc:2    | Found Vitri's Distillery.
 26687 | Orc:2    | Found Oskutile's Food Shoppe.
 26689 | Orc:2    | Found Hetiz's Gadget Boutique.
 26693 | Orc:2    | Bought the cursed +0 pair of boots of Dithmenos's Approval {rF+ MR+} for 232 gold pieces
 26693 | Orc:2    | Bought a +2 helmet of intelligence for 236 gold pieces
 26708 | Orc:2    | XOM: scenery: create altars
 26735 | Orc:2    | Bought a potion of agility for 72 gold pieces
 26735 | Orc:2    | Bought a potion of might for 72 gold pieces
 26735 | Orc:2    | Bought a potion of curing for 54 gold pieces
 26735 | Orc:2    | Bought a potion of curing for 54 gold pieces
 26735 | Orc:2    | Bought a potion of curing for 54 gold pieces
 26986 | Orc:2    | Noticed Saint Roka
 26986 | Orc:2    | Saint Roka changed into Saint Roka the shadow dragon
 26986 | Orc:2    | XOM: polymorph Saint Roka -> Saint Roka the shadow dragon
 27010 | Orc:2    | XOM: divination: magic mapping
 27027 | Orc:2    | Reached skill level 9 in Fighting
 27084 | D:12     | Noticed Erolcha
 27321 | D:12     | Noticed Erolcha
 27321 | D:12     | Erolcha changed into Erolcha the human
 27321 | D:12     | XOM: polymorph Erolcha -> Erolcha the human
 27330 | D:12     | Killed Erolcha the human
 27963 | D:13     | Noticed Sonja
 27970 | D:13     | Killed Sonja
 28015 | D:13     | XOM is BORED!
 28015 | D:13     | XOM: harmless Hex miscast
 28110 | D:13     | Noticed Nessos
 28116 | D:13     | Killed Nessos
 28283 | D:13     | XOM: potion effect (might)
 28401 | D:13     | Reached skill level 9 in Dodging
 28476 | D:13     | XOM: harmless Erth miscast
 28500 | D:13     | Found Yduogre's General Store.
 28512 | D:13     | Bought a scroll of identify for 34 gold pieces
 28512 | D:13     | Bought a scroll of identify for 34 gold pieces
 28512 | D:13     | Bought a potion of resistance for 170 gold pieces
 28512 | D:13     | Bought a scroll of remove curse for 51 gold pieces
 28512 | D:13     | Bought a bread ration for 85 gold pieces
 28562 | D:13     | XOM: cloud trail
 28909 | D:14     | XOM: potion effect (agility)
 28919 | D:14     | Found a labyrinth entrance.
 28928 | Lab      | Entered a labyrinth
 28996 | Lab      | XOM: cleaving
 29002 | Lab      | XOM: cleaving
 29026 | Lab      | Got a fine iron ring
 29026 | Lab      | Got a serpentine brass ring
 29039 | D:14     | XOM: divination: detect items
 29045 | D:14     | XOM: polymorph two-headed ogre -> ice beast
 29053 | D:13     | Identified the ring of Zabrej {*Contam rPois rF+ Dex+5} (You found it in a labyrinth)
 29173 | D:14     | XOM: confuse monster(s)
 29176 | D:14     | XOM: summons 7 friendly demons
 29179 | D:14     | XOM: divination: detect creatures
 29189 | D:14     | XOM: divination: detect items
 29246 | D:14     | Identified the ring of the Mackerel {Ice Stlth+} (You found it in a labyrinth)
 29517 | D:14     | XOM: enchant monster (good)
 29529 | D:14     | XOM: summons 2 friendly demons
 29690 | D:14     | XOM: divination: detect items
 29703 | D:14     | Reached XP level 15. HP: 92/92 MP: 8/17
 29709 | D:14     | XOM: give mutation
 29709 | D:14     | Gained mutation: You have a pair of small horns on your head. [Xom's grace]
 29943 | D:14     | XOM: scenery: 2 doors close
 29952 | D:14     | XOM: polymorph bullfrog -> ooze
 29991 | D:14     | XOM: harmless Tloc miscast
 30101 | D:14     | XOM: give mutations
 30101 | D:14     | Lost mutation: You are resistant to hostile enchantments. (MR+) [Xom's mischief]
 30101 | D:14     | Gained mutation: Scrolls take you a little longer to read. [Xom's mischief]
 30204 | D:14     | Found a gate to the Vaults.
 30417 | D:15     | Entered Level 15 of the Dungeon
 30445 | D:15     | Found a staircase to the Depths.
 30457 | D:15     | XOM: cast spell 'Ice Form'
 30478 | D:15     | XOM: confusion (+ monsters)
 30522 | D:15     | HP: 21/110 [centaur/arrow (6)]
 30550 | D:15     | XOM: butterfly on damage
 30581 | D:15     | HP: 17/92 [freezing wraith[a death knight] (11)]
 30581 | D:15     | HP: 7/92 [freezing wraith[a death knight] (10)]
 30583 | D:15     | XOM: enchant monster (good)
 30757 | D:15     | XOM: blink monster(s)
 30800 | D:14     | XOM: divination: magic mapping
 30900 | D:14     | XOM: noise
 30912 | D:14     | XOM: confuse monster(s)
 30928 | D:14     | XOM: enchant monster (bad)
 31098 | D:15     | XOM: cast spell 'Ring of Flames'
 31137 | D:15     | Reached skill level 15 in Hexes
 31161 | D:15     | XOM: give mutations
 31161 | D:15     | Lost mutation: You have a pair of small horns on your head. [Xom's mischief]
 31161 | D:15     | Lost mutation: You have large cloven feet. [Xom's mischief]
 31161 | D:15     | Gained mutation: You are partially covered in large bone plates. (SH +4) [Xom's mischief]
 31161 | D:15     | Lost mutation: Scrolls take you a little longer to read. [Xom's mischief]
 31203 | D:15     | XOM: give mutations
 31203 | D:15     | Lost mutation: You are agile. (Dex +2) [Xom's mischief]
 31203 | D:15     | Lost mutation: You are dopey. (Int -2) [Xom's mischief]
 31203 | D:15     | Gained mutation: Your body sometimes deteriorates upon taking damage. [Xom's mischief]
 31203 | D:15     | Gained mutation: Armour fits poorly on your strangely shaped body. [Xom's mischief]
 31749 | D:14     | XOM: mild Necr miscast
 31792 | D:14     | XOM: give mutations
 31792 | D:14     | Gained mutation: Your system is resistant to poisons. (rPois) [Xom's mischief]
 31792 | D:14     | Gained mutation: You are dopey. (Int -2) [Xom's mischief]
 32025 | D:15     | XOM: harmless Ice miscast
 32044 | D:15     | XOM: swap monsters
 32065 | D:15     | Got a glittering iron ring
 32230 | D:15     | XOM: summons 1 hostile shadow creature
 32259 | D:15     | XOM: cast spell 'Summon Small Mammal'
 32421 | D:15     | XOM: harmless Erth miscast
 32432 | D:15     | XOM: confuse monster(s)
 32609 | D:15     | Lost mutation: You evolve. [evolution]
 32687 | D:15     | XOM: noise
 32745 | D:15     | Identified the ring "Gesam" {MP+9 Int+5} (You took it off a centaur on level 15 of the Dungeon)
 32752 | D:15     | XOM: enchant monster (good)
 33277 | Snake:1  | Entered Level 1 of the Snake Pit
 33309 | Snake:1  | XOM: harmless Necr miscast
 33427 | Lair:4   | XOM: divination: detect creatures
 33779 | Snake:1  | Noticed Frances
 33799 | Snake:1  | XOM: confuse monster(s)
 33927 | Snake:1  | Killed Frances
 34051 | Snake:1  | Noticed Aizul
 34060 | Snake:1  | XOM: enchant monster (good)
 34073 | Snake:1  | XOM: potion effect (curing)
 34078 | Snake:1  | Killed Aizul
 34280 | Snake:1  | XOM: fog
 34377 | Snake:2  | Noticed a nagaraja
 34385 | Snake:2  | XOM: destruction
 34834 | Snake:2  | Noticed a nagaraja
 34842 | Snake:2  | XOM: scenery: create altars
 34843 | Snake:2  | XOM: cast spell 'Summon Ice Beast'
 34857 | Snake:2  | HP: 3/95 [nagaraja/poison arrow (21)]
 34858 | Snake:2  | Killed from afar by a nagaraja

Vault maps used:
D:1:      onia_arrival_mini_spirals, serial_aquarium,
          aquarium_bridge_long_separate, aquarium_bridge_square,
          aquarium_window_fake, aquarium_window_corridor_2,
          aquarium_window_fake, aquarium_window_1, aquarium_view_2c,
          aquarium_view_2e
D:2:      grunt_qazlal_clouds, nicolae_overflow_hidden_temple, first_bread
D:3:      lemuel_round_altar, grunt_ministairs_9, columned_hall_lemuel
D:4:      kennysheep_mini_moat, grunt_dithmenos_smoke_and_mirrors
D:5:      tso_oasis_becter, serial_shops, nicolae_shop_window_shopping, shop,
          nicolae_shop_waterfront, shop
D:6:      grunt_temple_overflow_order_and_chaos_2, old_standard_altar, tgw_trog,
          overflow_temple_1_default, minmay_ruffians
D:7:      minmay_misc_feat_hallway
D:8:      grunt_pizzeria
D:9:      serial_shops, shop_fountains, serial_ice, serial_ice_f, serial_ice_h,
          serial_ice_o, serial_ice_d, serial_ice_i, serial_ice_n, serial_ice_m,
          serial_ice_g, nicolae_ru_sacrificial_ziggurat
D:10:     minmay_lair_entry_grove, serial_shops, shop
D:11:     basic_altar
D:12:     orc_0_dummy, enter_bailey_2, hangedman_tell_no_tales, uniq_erolcha,
          uniq_harold, uniq_snorg
D:13:     serial_shops, shop, uniq_nessos, uniq_sonja
D:14:     david_vaults_5, lab_entry_generic
D:15:     gammafunk_enter_depths_forms
Lair:1:   grunt_megastairs_5, serial_bayou_shore_a, lemuel_fruit_tree
Lair:2:   shoals_dummy_entry, portal_ice_cave_entry_pillars_1,
          serial_bayou_shore_b
Lair:3:   roderic_carrion_pond
Lair:4:   minmay_snake_entry_guardpost_medium, nicolae_lair_yak_garden
Lair:5:   pond_and_an_island_with_a_cottage, infiniplex_staircase_pool
Lair:6:   hangedman_lair_caniforms_friends, wormcave, slime_dummy,
          grunt_megastairs_3
Snake:1:  uniq_aizul, uniq_frances
Orc:1:    serial_shops, shop, shop, nicolae_shop_stone, shop, mines1_david,
          uniq_maurice, uniq_erica
Orc:2:    st_orc_rangers, uniq_saint_roka
Lab:      labyrinth_watery
IceCv:    ice_cave_caverns_03

Action                   |  1- 3 |  4- 6 |  7- 9 | 10-12 | 13-15 || total
-------------------------+-------+-------+-------+-------+-------++-------
Melee: Short sword       |   152 |   126 |   267 |   456 |   117 ||  1118
       Rapier            |       |       |   169 |   410 |  1016 ||  1595
       Headbutt          |       |       |    21 |   156 |    95 ||   272
       Kick              |       |       |    17 |   239 |   231 ||   487
       Unarmed           |       |       |       |    44 |    38 ||    82
       Quick blade       |       |       |       |    84 |   418 ||   502
Throw: Stone             |       |     1 |     4 |     3 |    16 ||    24
 Cast: Confuse           |       |       |       |    51 |   230 ||   281
       Tukima's Dance    |       |       |       |     1 |     4 ||     5
       Repel Missiles    |       |       |       |       |    17 ||    17
Evoke: Wand              |       |       |     3 |    14 |    20 ||    37
       Phantom mirror    |       |       |       |       |     2 ||     2
  Use: Scroll            |     2 |     1 |    11 |    20 |    28 ||    62
       Potion            |     2 |       |     1 |     7 |    14 ||    24
 Stab: Sleeping          |     9 |     3 |    10 |    31 |    68 ||   121
       Paralysed         |     1 |       |       |       |     1 ||     2
       Confused          |     1 |       |     2 |    20 |   136 ||   159
       Distracted        |       |     1 |     3 |    14 |    16 ||    34
       Petrified         |       |     1 |       |     2 |       ||     3
       Petrifying        |       |       |     1 |       |       ||     1
       Invisible         |       |       |     3 |    11 |       ||    14
       Betrayed ally     |       |       |       |     1 |       ||     1
  Eat: Chunk             |     4 |     2 |    15 |    34 |    79 ||   134
       Royal jelly       |       |     1 |       |       |     3 ||     4
       Pizza             |       |       |       |     3 |     7 ||    10
       Beef jerky        |       |       |       |       |     2 ||     2
Armor: Leather armour    |    54 |    45 |    95 |   212 |       ||   406
       Skin              |       |       |       |    40 |    22 ||    62
       Animal skin       |       |       |       |       |   146 ||   146
Dodge: Dodged            |   101 |    61 |   163 |   582 |   903 ||  1810
       Deflected         |       |       |       |       |    40 ||    40
Block: Buckler           |       |       |       |       |   564 ||   564
